 Dungeon Crawl Stone Soup version 0.28-a0-863-g8cecda6153 (webtiles) character file.

Game seed: 1638323710025492473

90 ytrimaz the Shield-Bearer (level 4, -5/37 HPs)
             Began as a Formicid Fighter on Nov 16, 2021.
             Killed by divine providence
             ... invoked by an orc priest
              (11 damage)
             ... on level 3 of the Dungeon.
             The game lasted 00:01:51 (2127 turns).

ytrimaz the Shield-Bearer (Formicid Fighter)        Turns: 2127, Time: 00:01:52

Health: -5/37      AC:  7    Str: 21    XL:     4   Next: 85%
Magic:  4/4        EV:  9    Int:  8    God:
Gold:   94         SH:  5    Dex: 16    Spells: 3/3 levels left

rFire   . . .      SeeInvis +   a - +0 war axe
rCold   . . .      Faith    .   c - +0 buckler
rNeg    . . .      Spirit   .   b - +0 scale mail
rPois   .          Reflect  .   (helmet unavailable)
rElec   .          Harm     .   (no cloak)
rCorr   .          Rampage  .   (no gloves)
Will    .....                   (no boots)
Stlth   ..........              (no amulet)
HPRegen 0.12/turn               n - +6 ring of dexterity
MPRegen 0.09/turn               (no ring)

@: no status effects
A: permanent stasis, dig shafts and tunnels, antennae 3, four strong arms
a: Dig, Shaft Self


You were on level 3 of the Dungeon.
You visited 1 branch of the dungeon, and saw 3 of its levels.

You collected 94 gold pieces.

Inventory:

Hand Weapons
 a - a +0 war axe (weapon)
Missiles
 o - 3 boomerangs
Armour
 b - a +0 scale mail (worn)
 c - a +0 buckler (worn)
Jewellery
 n - a +6 ring of dexterity (left hand)
Scrolls
 g - a scroll of identify
 j - a scroll of brand weapon
 l - a scroll of immolation
Potions
 d - 3 potions of might
 e - 2 potions of lignification {unknown}
 f - a potion of degeneration {unknown}
 h - 2 potions of magic {unknown}
 i - a potion of mutation {unknown}
 k - 3 potions of ambrosia
 m - a potion of curing {unknown}
 p - a potion of haste {unknown}


   Skills:
 * Level 3.7 Fighting
 + Level 3.6 Axes
 + Level 3.9 Armour
 - Level 4.0 Shields


You had 3 spell levels left.
You didn't know any spells.
Your spell library contained the following spells:

 Spells                   Type           Power      Damage    Failure   Level
 Sting                    Tmut/Pois      0%         1d3       75%         1
 Poisonous Vapours        Pois/Air       0%         N/A       86%         2
 Olgreb's Toxic Radiance  Pois           0%         N/A       100%        4


Dungeon Overview and Level Annotations

Branches:
Dungeon (3/15)

Altars:


Innate Abilities, Weirdness & Mutations

You cannot be hasted, slowed, berserked, paralysed or teleported.
You can dig through walls and to a lower floor.
You have a pair of large antennae on your head. (SInv)
Your four strong arms can wield two-handed weapons with a shield.


Message History

An orc wizard comes into view. It is wielding a +0 dagger.
You block the orc's attack.
You slash the orc!
The orc is almost dead.
The orc hits you but does no damage.
You slash the orc!
You kill the orc!
Unknown command.
An orc priest comes into view. It is wielding a +0 short sword.
The orc priest shouts!
You slash the orc wizard!
The orc wizard is almost dead.
You block the orc wizard's attack.
You closely miss the orc wizard.
The orc wizard is almost dead.
You completely miss the orc priest.
The orc priest calls upon Beogh to heal the orc wizard.
The orc wizard is healed somewhat.
You block the orc wizard's attack. The orc priest closely misses you.
The orc wizard barely misses you.
Unknown command.
You slash the orc priest!
The orc priest is severely wounded.
You miss the orc wizard. You block the orc priest's attack.
The orc wizard closely misses you.
You barely miss the orc priest.
The orc priest is severely wounded.
You hit the orc wizard but do no damage.
The orc priest hits you but does no damage.
The orc wizard hits you with a +0 dagger.
You hit the orc priest.
The orc priest is almost dead.
You hit the orc wizard.
The orc priest invokes the aid of Beogh against you.
Beogh smites you! The orc wizard casts a spell at you. The magic dart hits you!
* * * LOW HITPOINT WARNING * * *
The orc priest calls down the wrath of Beogh upon you.
Beogh smites you!
You die...

#.......#.#+#####..#
#.......:.# ..# ....
#..))...### #.# ...+
###)##########.##.#..#
#.#.............#
##†#..(.......#
#..').........+
#..#).........#
#.............@#
#.....#.........oo......
......#.................
......#.................
......#.................
#....##..........###....
#... #..........# #...
........# ###


You could see an orc priest and an orc wizard.

Vanquished Creatures
  An orc wizard (D:3)
  An adder (D:3)
  A worm (D:2)
  A dart slug (D:1)
  10 orcs (D:3)
  A ball python (D:2)
  2 bats
  2 endoplasms (D:1)
  2 giant cockroaches
  4 hobgoblins
  3 jackals (D:1)
  3 goblins
  4 kobolds
  3 rats
38 creatures vanquished.

Notes
Turn   | Place    | Note
-------+----------+-------------------------------------------
     0 | D:1      | ytrimaz the Formicid Fighter began the quest for the Orb.
     0 | D:1      | Reached XP level 1. HP: 18/18 MP: 1/1
    41 | D:1      | Found a faded altar of an unknown god.
   249 | D:1      | Reached XP level 2. HP: 24/24 MP: 2/2
   756 | D:1      | Reached XP level 3. HP: 29/29 MP: 3/3
  2002 | D:3      | Reached skill level 4 in Shields
  2002 | D:3      | Reached XP level 4. HP: 26/37 MP: 4/4
  2127 | D:3      | Killed from afar by an orc priest

Illustrated notes

Levels and vault maps discovered:
D:1:      elethiomel_arrival_quiet, layout_loops_ring,
          dreamdust_ecumenical_altar_statues
D:2:      layout_loops_corners, corexii_leaking_fountain, kennysheep_nondescript
D:3:      layout_basic

Skill      XL: |  1  2  3 |
---------------+----------+-----
Axes           | 3 |  3.6
Shields        | 4 |  4.0
Fighting       | |  3.7
Armour         | |  3.9

Action                   |  1- 3 |  4- 6 || total
-------------------------+-------+-------++-------
Melee: War axe           |    71 |    20 ||    91
  Use: Scroll            |     4 |       ||     4
Armor: Scale mail        |    44 |    23 ||    67
Dodge: Dodged            |    25 |    15 ||    40
Block: Buckler           |    17 |    11 ||    28

Table legend: (Time is in decaauts)
 A = Elapsed time spent in this place.
 B = Non-inter-level travel time spent in this place.
 C = Inter-level travel time spent in this place.
 D = Time resting spent in this place.
 E = Time spent auto-exploring this place.
 F = Levels seen in this place.
 G = Mean time per level.
                   A        B        C        D        E       F      G
               +--------+--------+--------+--------+--------+-----+--------+
         Total |   2158 |   2113 |     45 |      0 |   1815 |   3 |  719.3 |
       Dungeon |   2158 |   2113 |     45 |      0 |   1815 |   3 |  719.3 |
               +--------+--------+--------+--------+--------+-----+--------+

Top non-repeatable levels by time:
     D:2: 991 daAuts
     D:1: 813 daAuts
     D:3: 353 daAuts
